 Dungeon Crawl Stone Soup version 0.30.1-9-gdf580d7c3d (webtiles) character file.

Game seed: 10316986811665567699

78 danielguo94 the Covered (level 4, -3/28 HPs)
             Began as a Gargoyle Fighter on Oct 10, 2023.
             Was an Initiate of the Shining One.
             Killed by divine providence
             ... invoked by an orc priest
              (15 damage)
             ... on level 3 of the Dungeon.
             The game lasted 00:02:05 (1907 turns).

danielguo94 the Covered (Gargoyle Fighter)          Turns: 1907, Time: 00:02:06

Health: -3/28      AC: 14    Str: 22    XL:     4   Next: 36%
Magic:  4/4        EV:  9    Int:  8    God:    the Shining One [......]
Gold:   69         SH:  4    Dex:  9    Spells: 3/3 levels left

rFire   . . .        a - +0 flail
rCold   . . .        c - +0 buckler
rNeg    + . .        b - +0 scale mail
rPois   ∞            (no helmet)
rElec   +            j - +0 cloak
rCorr   .            u - +0 pair of gloves
SInv    .            g - +0 pair of boots
Will    .....        (no amulet) Stlth
                     (no ring)
HPRegen 0.24/turn    (no ring)
MPRegen 0.09/turn

%: no passive effects
@: glowing
A: sickness immunity, AC +3, negative energy resistance 1, electricity
resistance, torment resistance 1, petrification resistance
a: Renounce Religion


You were on level 3 of the Dungeon.
You worshipped the Shining One.
The Shining One was noncommittal.
You visited 1 branch of the dungeon, and saw 3 of its levels.

You collected 69 gold pieces.

Inventory:

Hand Weapons
 a - a +0 flail (weapon)
Missiles
 n - 3 poisoned darts (quivered)
Armour
 b - a +0 scale mail (worn)
 c - a +0 buckler (worn)
 g - a +0 pair of boots (worn)
 j - a +0 cloak (worn)
 u - a +0 pair of gloves (worn)
Jewellery
 m - an amulet of reflection
Scrolls
 f - a scroll of blinking {unknown}
 h - a scroll of silence {unknown}
 i - a scroll of teleportation {unknown}
 k - 2 scrolls of fog {unknown}
 l - 2 scrolls of identify {unknown}
 q - 2 scrolls of magic mapping {unknown}
 s - a scroll of immolation {unknown}
Potions
 d - a potion of might
 e - a potion of curing {unknown}
 o - a potion of haste {unknown}
 p - a potion of heal wounds {unknown}
 r - a potion of lignification {unknown}
 t - a potion of invisibility {unknown}
 v - a potion of mutation {unknown}


   Skills:
 + Level 3.6 Fighting
 * Level 3.3 Maces & Flails
 + Level 3.9 Armour
 + Level 0.2 Dodging
 + Level 3.7 Shields


You had 3 spell levels left.
You didn't know any spells.
Your spell library was empty.

Dungeon Overview and Level Annotations

Branches:
Dungeon (3/15)

Altars:
The Shining One


Innate Abilities, Weirdness & Mutations

You are immune to sickness and miasma.
Your stone body is resilient. (AC +3)
You are immune to poison.
You resist negative energy. (rN+)
You are resistant to electric shocks. (rElec)
You are resistant to unholy torment.
You are immune to petrification.


Message History

You barely miss the giant cockroach.
The giant cockroach is severely wounded.
The giant cockroach bites you but does no damage.
You barely miss the giant cockroach.
The giant cockroach is severely wounded.
The giant cockroach bites you but does no damage.
The giant cockroach barely misses you.
You hit the giant cockroach.
You kill the giant cockroach!
You see here a +0 pair of gloves.
u - a +0 pair of gloves You start putting on your armour.
You continue putting on your +0 pair of gloves. x4
You finish putting on your +0 pair of gloves.
You see here the +8 dagger of Extremism {heavy, *Rage rF+ SInv}.
v - a blue potion You see here a +0 ring mail of willpower.
k - 2 scrolls labelled DASIUL ZICEJ (gained 1)
An orc comes into view. It is wielding a +0 hand axe.
The orc shouts!
You hear a shout!
An orc comes into view. It is wielding a +0 dagger.
An orc priest comes into view. It is wielding a +0 whip.
The orc moves out of view.
The orc priest shouts!
Found 15 gold pieces.
Found an escape hatch in the ceiling.
Found a stone staircase leading down.
There is a stone staircase leading up here.
You climb upwards.
There is a stone staircase leading down here.
You climb downwards.
The orc barely misses you.
The orc priest calls down the wrath of Beogh upon you.
Beogh smites you!
Ouch! That really hurt!
The orc hits you but does no damage.
There is a stone staircase leading up here.
The orc priest invokes the aid of Beogh against you.
Beogh smites you!
Ouch! That really hurt!
You die...

#.#
##########
.>#
#o.o....@#
####.#
##.#####.o#
...#.#.##.#
#..#
##.#.#.##.#
#### .......
#.#
.#.#.####.#
.o.....##.##
.##.....o..#
.##........#
#


You could see an orc priest and 2 orcs.

Vanquished Creatures
  3 adders (D:2)
  2 worms (D:2)
  An orc (D:3)
  5 bats
  3 endoplasms
  2 giant cockroaches
  5 goblins (D:1)
  4 hobgoblins
  A quokka (D:1)
  5 ball pythons
  A frilled lizard (D:1)
  3 kobolds (D:1)
  6 rats
41 creatures vanquished.

Notes
Turn   | Place    | Note
-------+----------+-------------------------------------------
     0 | D:1      | danielguo94 the Gargoyle Fighter began the quest for the
                  | Orb.
     0 | D:1      | Reached XP level 1. HP: 14/14 MP: 1/1
   160 | D:1      | Reached XP level 2. HP: 19/19 MP: 2/2
   685 | D:2      | Reached XP level 3. HP: 23/23 MP: 3/3
   761 | D:2      | Found a glowing golden altar of the Shining One.
   782 | D:2      | Became a worshipper of the Shining One
  1278 | D:2      | Reached XP level 4. HP: 28/28 MP: 4/4
  1305 | D:2      | Found a faded altar of an unknown god.
  1835 | D:3      | Identified the +8 dagger of Extremism {heavy, *Rage rF+
                  | SInv}
  1907 | D:3      | Killed from afar by an orc priest

Illustrated notes

Levels and vault maps discovered:
D:1:      lightli_arrival_maybe_door_vault, layout_basic
D:2:      layout_basic, chequers_ecumenical_altar_simple_redux, basic_altar,
          minmay_misc_feat_x
D:3:      layout_basic, grunt_temple_overflow_diamond

Skill      XL: |  1  2  3 |
---------------+----------+-----
Maces & Flails | 3 |  3.3
Fighting       | |  3.6
Armour         | |  3.9
Dodging        | |  0.2
Shields        | |  3.7

Action                     |  1- 3 |  4- 6 || total
---------------------------+-------+-------++-------
  Melee: Flail             |   108 |    32 ||   140
 Armour: Scale mail        |    54 |    20 ||    74
  Dodge: Dodged            |    49 |    16 ||    65
  Block: Buckler           |    32 |     5 ||    37
